 Dungeon Crawl Stone Soup version 0.23-a0-121-g4413648 (webtiles) character file.

17182 Amnesiac the Destroyer (level 12, -1/74 HPs)
             Began as a Mummy Air Elementalist on Aug 25, 2018.
             Was a Priest of Dithmenos.
             Slain by a vampire mosquito (2 damage)
             ... on level 12 of the Dungeon.
             The game lasted 00:38:36 (17953 turns).

Amnesiac the Destroyer (Mummy Air Elementalist)    Turns: 17953, Time: 00:38:37

Health: -1/74      AC:  7    Str: 12    XL:     12   Next: 16%
Magic:  1/25       EV: 12    Int: 24    God:    Dithmenos [***...]
Gold:   937        SH:  5    Dex: 16    Spells: 12/29 levels left

rFire    + . .     SeeInvis +   t - +5 long sword
rCold    + + .     Gourm    .   B - +0 buckler of the Thinker {MR+ Int+5}
rNeg     + + +     Faith    .   a - +1 robe
rPois    ∞         Spirit   .   D - -1 helmet of Royvegh {rF+ Dex+4 SInv Stlth-} (curse)
rElec    .         Reflect  .   l - scarf {rC+ rF+}
rCorr    .         Harm     +   s - +0 pair of gloves
MR       ++...                  w - +1 pair of boots
Stlth    ++++......             C - amulet of harm
HPRegen  0.22/turn              i - ring of stealth
MPRegen  0.19/turn              f - +1 ring of protection

@: wreathed by umbra
A: no food or potions, fire vulnerability, cold resistance 1, negative energy
resistance 3, torment resistance, unbreathing
a: Shadow Step, Renounce Religion


You were on level 12 of the Dungeon.
You worshipped Dithmenos.
Dithmenos was most pleased with you.
You were not hungry.

You visited 3 branches of the dungeon, and saw 15 of its levels.
You also visited: Ossuary.

You collected 937 gold pieces.

Inventory:

Hand Weapons
 t - a +5 long sword (weapon)
Missiles
 b - 7 curare-tipped needles
Armour
 a - a +1 robe (worn)
 l - a scarf of resistance (worn)
 s - a +0 pair of gloves (worn)
 w - a +1 pair of boots (worn)
 x - a scarf of repulsion
 B - the +0 buckler of the Thinker (worn) {MR+ Int+5}
   (You found it on level 2 of the Lair of Beasts)

   It affects your intelligence (+5).
   It affects your resistance to hostile enchantments.
 D - the cursed -1 helmet of Royvegh (worn) {rF+ Dex+4 SInv Stlth-}
   (You found it on level 2 of the Lair of Beasts)

   It affects your dexterity (+4).
   It protects you from fire.
   It lets you see invisible.
   It makes you less stealthy.
   It has a curse placed upon it.
Magical Staves
 r - an uncursed staff of energy
Jewellery
 f - a +1 ring of protection (right hand)
 i - a ring of stealth (left hand)
 A - an uncursed ring of flight
 C - an amulet of harm (around neck)
Wands
 n - a wand of digging (14)
 u - a wand of random effects (33)
 y - a wand of flame (23)
 z - a wand of disintegration (33)
 E - a wand of paralysis (15)
 H - a wand of enslavement (10)
Scrolls
 c - 3 scrolls of fog {!r}
 d - 5 scrolls of magic mapping {!r}
 e - 4 scrolls of identify {!r}
 g - 5 scrolls of enchant armour {!r}
 h - 7 scrolls of teleportation {!r}
 j - 2 scrolls of enchant weapon {!r}
 k - 2 scrolls of blinking {!r}
 o - 3 scrolls of amnesia {!r}
 q - a scroll of torment {!r, unknown}
 v - 6 scrolls of remove curse {!r}
 F - 2 scrolls of immolation {!r}
Miscellaneous
 G - a phial of floods


   Skills:
 - Level 1.5 Dodging
 - Level 5.0 Stealth
 - Level 4.1 Shields
 + Level 9.1 Spellcasting
 * Level 9.3 Conjurations
 + Level 8.8 Necromancy
 * Level 9.1 Air Magic


You had 12 spell levels left.
You knew the following spells:

 Your Spells              Type           Power        Failure   Level  Hunger
a - Bolt of Draining      Conj/Necr      ######....   4%          5    N/A
b - Dispel Undead         Necr           ######..     4%          5    N/A
d - Airstrike             Air            ######....   1%          4    N/A
e - Shock                 Conj/Air       ####         1%          1    N/A
z - Swiftness             Chrm/Air       ####....     1%          2    N/A

Your spell library contained the following spells:

 Spells                   Type           Power        Failure   Level  Hunger
 Animate Skeleton         Necr           N/A          1%          1    N/A
 Pain                     Necr           ####         1%          1    N/A
 Corpse Rot               Necr           N/A          1%          2    N/A
 Poisonous Vapours        Pois/Air       ####..       1%          2    N/A
 Mephitic Cloud           Conj/Pois/Air  #####...     1%          3    N/A
 Static Discharge         Conj/Air       ######..     1%          3    N/A
 Vampiric Draining        Necr           ######....   1%          3    N/A
 Animate Dead             Necr           N/A          1%          4    N/A
 Conjure Flame            Conj/Fire      ####....     2%          3    N/A
 Lightning Bolt           Conj/Air       ######....   3%          5    N/A
 Agony                    Necr           ######..     4%          5    N/A
 Apportation              Tloc           ##....       6%          1    N/A
 Confusing Touch          Hex            ##....       6%          1    N/A
 Summon Small Mammal      Summ           ##..         6%          1    N/A
 Borgnjor's Vile Clutch   Necr/Erth      ####......   26%         5    N/A
 Freezing Cloud           Conj/Ice/Air   #####.....   58%         6    N/A
 Ring of Flames           Chrm/Fire      ##........   100%        7    N/A

Dungeon Overview and Level Annotations

Branches:
Dungeon (12/15)            Temple (1/1) D:4            Lair (2/6) D:8
 Shoals (0/4) Lair:2        Snake (0/4) Lair:2          Orc (0/2) D:10

Altars:
Ashenzari
Cheibriados
Dithmenos
Elyvilon
Fedhas
Gozag
Hepliaklqana
Kikubaaqudgha
Makhleb
Nemelex Xobeh
Okawaru
Qazlal
Ru
Sif Muna
Trog
Uskayaw
Vehumet
Wu Jian
Xom
Yredelemnul
Zin
The Shining One


Innate Abilities, Weirdness & Mutations

You do not eat or drink.
Your flesh is vulnerable to fire.
You are immune to poison.
Your flesh is cold resistant. (rC+)
You are immune to negative energy. (rN+++)
You are immune to unholy pain and torment.
You can survive without breathing.


Message History

The howler monkey hoots and howls with incredible vigour!
You block the vampire mosquito's attack.
The vampire mosquito bites you.
You block the vampire mosquito's attack.
You hear a loud, deep croak!
The vampire mosquito closely misses you.
You riposte.
You miss the vampire mosquito. The vampire mosquito misses you.
Okay, then.
You block the vampire mosquito's attack.
The vampire mosquito bites you. The vampire mosquito bites you!
The howler monkey hoots and howls with incredible vigour!
You hear a loud, deep croak!
Really read
m - 2 scrolls of teleportation {!r}?
As you read the scroll of teleportation {!r}, it crumbles to dust.
You feel strangely unstable. The vampire mosquito misses you.
The vampire mosquito bites you!
* * * LOW HITPOINT WARNING * * *
The vampire mosquito bites you.
* * * LOW HITPOINT WARNING * * *
Really read
m - a scroll of teleportation {!r}?
As you read the scroll of teleportation {!r}, it crumbles to dust.
You feel strangely stable. The vampire mosquito barely misses you.
You riposte.
You closely miss the vampire mosquito. The vampire mosquito bites you!
* * * LOW HITPOINT WARNING * * *
The vampire mosquito closely misses you.
You riposte.
You slash the vampire mosquito!
The vampire mosquito is severely damaged.
The vampire mosquito bites you.
* * * LOW HITPOINT WARNING * * *
The vampire mosquito bites you!
* * * LOW HITPOINT WARNING * * *
You block the vampire mosquito's attack.
The howler monkey hoots and howls with incredible vigour!
The vampire mosquito bites you but does no damage. x2
You hear a loud, deep croak!
Casting: Bolt of Draining (safe; 4% risk of failure)
Confirm with . or Enter, or press ? or * to list all spells.
Aiming: Shock (safe; 1% risk of failure)
Press: ? - help, Shift-Dir - straight line, f - vampire mosquito
Aim: a vampire mosquito (umbra)
Okay, then.
Casting: Shock (safe; 1% risk of failure)
Confirm with . or Enter, or press ? or * to list all spells.
Okay, then.
Casting: Shock (safe; 1% risk of failure)
Confirm with . or Enter, or press ? or * to list all spells.
Okay, then.
Casting: Shock (safe; 1% risk of failure)
Confirm with . or Enter, or press ? or * to list all spells.
Aiming: Dispel Undead (safe; 4% risk of failure)
Press: ? - help, Shift-Dir - straight line, f - vampire mosquito
Aim: a vampire mosquito (umbra)
The vampire mosquito convulses!
You destroy the vampire mosquito!
Dithmenos accepts your kill.
You block the vampire mosquito's attack.
The vampire mosquito barely misses you. The vampire mosquito barely misses you.
You riposte.
You barely miss the vampire mosquito.
The vampire mosquito barely misses you. x2
The vampire mosquito bites you!
* * * LOW HITPOINT WARNING * * *
The vampire mosquito bites you.
You die...

###...#......#......+
#...#......#......#
#...#......#......#
#[..#......#......######+
+...#.....†##............
#...###.....#............
#<....#....h#....).......
#.....#...yy#...†........
#.[...#....@#............
......#######...........y
........ .............
.......... .........#####
.#####.... #. ....


You could see 2 vampire mosquitoes and a howler monkey.

Vanquished Creatures
  Snorg (D:11)
  3 hydras
  2 two-headed ogres (D:9)
  An ugly thing (D:12)
  A cyclops (D:10)
  A spiny frog (Lair:1)
  2 komodo dragons
  A troll (D:12)
  5 slime creatures (D:12)
  4 hippogriffs
  4 blink frogs (Lair:2)
  A hydra skeleton (Lair:1)
  A wyvern (D:11)
  5 yaks
  A hungry ghost (D:9)
  A vampire mosquito (D:12)
  Menkaure (Ossuary)
  A steam dragon (D:10)
  A two-headed ogre zombie (D:8)
  An acid dragon (D:11)
  A spiny frog zombie (Lair:1)
  4 nagas (Lair:2)
  2 water moccasins
  6 porcupines
  4 orc warriors
  2 sky beasts
  2 spiny frog skeletons
  An ice beast (D:5)
  2 phantoms (D:4)
  8 ogres
  A manticore zombie (D:8)
  A necrophage (D:10)
  7 centaurs
  3 crocodiles
  15 bullfrogs
  A big kobold (D:11)
  A komodo dragon skeleton (Lair:2)
  2 hippogriff zombies
  A wyvern zombie (D:8)
  6 water moccasin zombies
  5 scorpions
  A water moccasin skeleton (D:9)
  9 killer bees
  6 wights
  2 howler monkeys
  2 crimson imps
  6 bullfrog zombies
  A quasit (D:8)
  A black bear zombie (Lair:1)
  6 jellies
  2 orc priests
  3 centaur zombies
  5 hounds
  A basilisk zombie (Lair:1)
  A bullfrog skeleton (D:4)
  15 orc wizards
  A gnoll shaman (D:6)
  2 iguanas
  Natasha (thrice) (D:2 D:1)
  6 worker ants
  2 porcupine skeletons (Lair:2)
  A statue (D:6)
  2 killer bee zombies (D:9)
  A sky beast zombie (D:8)
  2 ogre zombies (D:8)
  A crocodile skeleton (Lair:2)
  2 hound zombies
  3 mummies
  3 worker ant zombies
  11 gnolls
  11 adders
  A shadow imp (D:4)
  An ooze (D:4)
  2 adder skeletons
  An iguana skeleton (D:8)
  2 dart slugs
  5 leopard geckos
  38 orcs
  5 giant cockroaches
  3 gnoll zombies
  7 hobgoblins
  4 jackals (D:7)
  12 kobolds
  9 quokkas
  16 bats
  6 frilled lizards
  4 gnoll skeletons (Ossuary)
  3 goblins
  3 goblin skeletons
  4 goblin zombies
  A hobgoblin skeleton (Ossuary)
  3 hobgoblin zombies (Ossuary)
  4 kobold skeletons (Ossuary)
  7 kobold zombies
  A leopard gecko skeleton (D:5)
  A leopard gecko zombie (D:8)
  5 orc skeletons (Ossuary)
  6 orc zombies
  A quokka skeleton (D:8)
  A quokka zombie (D:8)
  7 rats
  4 rat skeletons (Ossuary)
  4 rat zombies
396 creatures vanquished.

Vanquished Creatures (others)
  A mummy (Ossuary)
  A gnoll zombie (Ossuary)
  A goblin skeleton (Ossuary)
  A goblin zombie (Ossuary)
  2 kobold skeletons (Ossuary)
  A kobold zombie (Ossuary)
  2 orc skeletons (Ossuary)
  3 orc zombies (Ossuary)
  2 rat zombies (Ossuary)
  5 fungi
  2 plants (D:8)
21 creatures vanquished.

Grand Total: 417 creatures vanquished

Notes
Turn   | Place    | Note
-------+----------+-------------------------------------------
     0 | D:1      | Amnesiac the Mummy Air Elementalist began the quest for the Orb.
     0 | D:1      | Reached XP level 1. HP: 13/13 MP: 4/4
   265 | D:2      | Noticed Natasha
   534 | D:3      | Reached XP level 2. HP: 18/19 MP: 1/6
   538 | D:3      | Learned a level 2 spell: Swiftness
   582 | D:3      | Found a blossoming altar of Fedhas.
   608 | D:4      | Noticed a phantom
   996 | D:4      | Reached XP level 3. HP: 14/24 MP: 1/8
  1143 | D:4      | Noticed an ogre
  1179 | D:4      | Found a staircase to the Ecumenical Temple.
  1185 | D:4      | Killed an ogre
  1185 | D:4      | Reached XP level 4. HP: 9/30 MP: 5/10
  1185 | D:4      | Reached XP level 5. HP: 10/35 MP: 5/11
  1191 | D:4      | Learned a level 4 spell: Airstrike
  1219 | D:4      | Noticed a phantom
  1224 | Temple   | Entered the Ecumenical Temple
  1467 | D:4      | Killed a phantom
  1662 | D:4      | Reached XP level 6. HP: 36/41 MP: 8/13
  1729 | Temple   | Became a worshipper of Kikubaaqudgha
  1831 | D:2      | Killed Natasha
  1919 | D:1      | Reached skill level 5 in Air Magic
  2283 | D:1      | Reached skill level 5 in Spellcasting
  2499 | D:2      | Noticed Natasha
  2504 | D:1      | Killed Natasha
  2665 | D:1      | Noticed Natasha
  2667 | D:1      | Killed Natasha
  2729 | D:2      | Reached * piety under Kikubaaqudgha
  2729 | D:2      | Identified Kikubaaqudgha's Compendium of Evil Magic (Kikubaaqudgha gifted it to you on level 2 of the Dungeon)
  2729 | D:2      | Received a gift from Kikubaaqudgha
  3703 | D:4      | Reached XP level 7. HP: 30/46 MP: 8/15
  3781 | D:4      | Found a shadowy altar of Dithmenos.
  4103 | D:5      | Entered Level 5 of the Dungeon
  4357 | D:5      | Reached skill level 1 in Shields
  4435 | D:5      | Reached XP level 8. HP: 52/52 MP: 9/17
  4457 | D:5      | Reached ** piety under Kikubaaqudgha
  5112 | D:6      | Found a hazy altar of Hepliaklqana.
  5577 | D:6      | Found a basalt altar of Yredelemnul.
  5711 | D:6      | Found an iron altar of Okawaru.
  5838 | D:6      | Found a radiant altar of Vehumet.
  5879 | D:6      | Noticed a seven-headed hydra
  5900 | D:6      | Killed a seven-headed hydra
  5900 | D:6      | Reached XP level 9. HP: 57/57 MP: 8/21
  5924 | D:6      | Reached skill level 1 in Conjurations
  6219 | D:7      | Found a sand-covered staircase.
  6241 | D:7      | Got a faintly humming leather armour
  6437 | D:7      | Found a sacrificial altar of Ru.
  6648 | Ossuary  | Entered an ossuary
  6667 | Ossuary  | Reached *** piety under Kikubaaqudgha
  6667 | Ossuary  | Identified Kikubaaqudgha's Catalogue of Sinister Arts (Kikubaaqudgha gifted it to you in an ossuary)
  6667 | Ossuary  | Received a gift from Kikubaaqudgha
  6962 | Ossuary  | Noticed Menkaure
  6965 | Ossuary  | Killed Menkaure
  6965 | Ossuary  | Reached skill level 1 in Necromancy
  7002 | D:7      | Fell from the grace of Kikubaaqudgha
  7117 | D:4      | Became a worshipper of Dithmenos the Shadowed
  7444 | D:7      | Learned a level 5 spell: Bolt of Draining
  8439 | D:8      | Reached XP level 10. HP: 54/63 MP: 3/22
  8537 | D:8      | Identified the +3 leather armour of the Pleiades {-Cast MR+ Dex+3 SInv} (You found it on level 7 of the Dungeon)
  8560 | D:8      | Reached skill level 5 in Necromancy
  9433 | D:8      | Found a staircase to the Lair.
 11338 | D:9      | Found a shattered altar of Ashenzari.
 11621 | D:9      | Reached * piety under Dithmenos
 11796 | D:9      | Found a bloodstained altar of Trog.
 11975 | Lair:1   | Entered Level 1 of the Lair of Beasts
 12125 | Lair:1   | Noticed a spiny frog
 12130 | Lair:1   | Killed a spiny frog
 12200 | Lair:1   | Learned a level 5 spell: Dispel Undead
 12436 | Lair:1   | Reached skill level 5 in Conjurations
 12934 | Lair:1   | Noticed a five-headed hydra
 12938 | Lair:1   | Killed a five-headed hydra
 13539 | Lair:2   | Got a brightly glowing buckler
 13579 | Lair:2   | Identified the cursed +0 buckler of the Thinker {MR+ Int+5} (You found it on level 2 of the Lair of Beasts)
 13670 | Lair:2   | Found a staircase to the Shoals.
 13714 | Lair:2   | Identified a scroll of acquirement {!r}
 13726 | Lair:2   | Noticed a six-headed hydra
 13735 | Lair:2   | Killed a six-headed hydra
 13735 | Lair:2   | Reached XP level 11. HP: 68/68 MP: 6/23
 13970 | Lair:2   | Got a slimy helmet
 14077 | Lair:2   | Found a staircase to the Snake Pit.
 14369 | Lair:2   | Was forgiven by Kikubaaqudgha
 14813 | D:9      | Noticed a two-headed ogre
 14816 | D:9      | Killed a two-headed ogre
 15393 | D:9      | Noticed a two-headed ogre
 15397 | D:9      | Killed a two-headed ogre
 15503 | D:10     | Entered Level 10 of the Dungeon
 15848 | D:10     | Found a staircase to the Orcish Mines.
 16229 | D:10     | Found a stormy altar of Qazlal.
 16336 | D:10     | Reached ** piety under Dithmenos
 16859 | D:11     | Noticed Snorg
 16864 | D:11     | Killed Snorg
 17168 | D:11     | Identified the cursed -1 helmet of Royvegh {rF+ Dex+4 SInv Stlth-} (You found it on level 2 of the Lair of Beasts)
 17220 | D:11     | Reached *** piety under Dithmenos
 17297 | D:11     | Reached XP level 12. HP: 60/74 MP: 0/24
 17940 | D:12     | Reached skill level 5 in Stealth
 17953 | D:12     | HP: 1/74 [vampire mosquito (10)]
 17953 | D:12     | Slain by a vampire mosquito

Vault maps used:
D:1:      dpeg_arrival_ternary, serial_forest, infiniplex_forest_clump_diagonal,
          infiniplex_forest_clump_medium, infiniplex_forest_lined_1,
          infiniplex_forest_pool, infiniplex_forest_straight_4,
          infiniplex_forest_end_2, infiniplex_forest_clump_double,
          supply_closet_lemuel, minmay_small_reverse_x
D:2:      first_ration, grunt_decor_mini_mirrors, uniq_natasha
D:3:      lemuel_doored_altar
D:4:      nicolae_dithmenos_shadow_blocks, minmay_temple_entry_grid
D:6:      vehumet_statue, kennysheep_mini, overflow_temple_1_default,
          lemuel_zombie_altar_yredelemnul, serial_glass, glass_columns_b,
          glass_columns_b
D:7:      nicolae_ru_awakened_eye, nicolae_ossuary_entry_giza
D:8:      minmay_lair_entry_grove
D:9:      lemuel_round_altar, cheibrodos_ashenzari_chains
D:10:     nicolae_whirlpool, basic_altar
D:11:     uniq_snorg
Temple:   oiseaux_autumnal_temple
Lair:1:   st_stairs_8, nzn_random_ring
Lair:2:   elwin_shoals_entry_rocks, minmay_snake_entry_guardpost_medium,
          bh_autumn_forest_stairs
Ossuary:  ossuary_due_pyramid

Skill      XL: |  1  2  3  4  5  6  7  8  9 10 11 12 |
---------------+-------------------------------------+-----
Spellcasting   | 3 4 5 6 8 9 |  9.1
Air Magic      | 3 4 5 6 8 9 |  9.1
Shields        | 1 4 |  4.1
Conjurations   | 3 6 9 |  9.3
Necromancy     | 4 8 |  8.8
Stealth        | 4 5 |  5.0
Dodging        | |  1.5

Action                   |  1- 3 |  4- 6 |  7- 9 | 10-12 || total
-------------------------+-------+-------+-------+-------++-------
Melee: Unarmed           |     5 |     3 |       |       ||     8
       Whip              |       |     5 |     2 |       ||     7
       Long sword        |       |       |    22 |   108 ||   130
 Cast: Shock             |    37 |   125 |   296 |   113 ||   571
       Airstrike         |       |     7 |    52 |    99 ||   158
       Bolt of Draining  |       |       |       |   115 ||   115
       Dispel Undead     |       |       |       |    28 ||    28
Invok: Renounce Religion |       |       |     1 |       ||     1
Evoke: Wand              |       |       |     6 |     3 ||     9
  Use: Scroll            |       |     5 |       |    18 ||    23
 Stab: Paralysed         |       |       |       |     5 ||     5
Armor: Robe              |    13 |    18 |    25 |    70 ||   126
Dodge: Dodged            |    44 |    67 |    56 |   158 ||   325
Block: Buckler           |       |       |    15 |    73 ||    88
       Rpst.: Long sword |       |       |     7 |    41 ||    48

Table legend:
 A = Non-vault XP
 B = Vault XP
 C = Vault XP percentage of total XP
 D = Non-vault monster count
 E = Vault monster count
 F = Vault count percentage of total count
                 A         B        C        D         E       F
            +---------+---------+-------+---------+---------+-------
      Total |   20524 |    4022 |  16.4 |     286 |      65 |  18.5
            +---------+---------+-------+---------+---------+-------
        D:1 |     121 |       5 |   4.0 |      28 |       4 |  12.5
        D:2 |      92 |      36 |  28.1 |      17 |       1 |   5.6
        D:3 |     130 |       0 |   0.0 |      14 |       0 |   0.0
        D:4 |     683 |       0 |   0.0 |      16 |       0 |   0.0
        D:5 |     772 |       0 |   0.0 |      25 |       0 |   0.0
        D:6 |    1828 |      36 |   1.9 |      26 |       3 |  10.3
        D:7 |     820 |     216 |  20.8 |      13 |       4 |  23.5
        D:8 |    1099 |    1404 |  56.1 |      20 |       9 |  31.0
        D:9 |    3529 |     105 |   2.9 |      41 |       1 |   2.4
       D:10 |    2350 |     216 |   8.4 |      27 |       2 |   6.9
       D:11 |    1275 |    1211 |  48.7 |      29 |       2 |   6.5
       D:12 |    2572 |       0 |   0.0 |      12 |       0 |   0.0
     Lair:1 |    2044 |       0 |   0.0 |       6 |       0 |   0.0
     Lair:2 |    3209 |     649 |  16.8 |      12 |       4 |  25.0
    Ossuary |       0 |     144 | 100.0 |       0 |      35 | 100.0
            +---------+---------+-------+---------+---------+-------
